 Dungeon Crawl Stone Soup version 0.18.1-5-g4a78601 (webtiles) character file.

157 Geppetto the Slasher (level 5, -13/41 HPs)
             Began as a Formicid Fighter on May 11, 2016.
             Mangled by Pikel
             ... wielding a +1 whip of electrocution
              (15 damage)
             ... on level 4 of the Dungeon.
             The game lasted 00:11:32 (3227 turns).

Geppetto the Slasher (Formicid Fighter)             Turns: 3227, Time: 00:11:33

Health: -13/41     AC:  8    Str: 27    XL:     5   Next: 66%
Magic:  5/5        EV: 13    Int:  7    God:
Gold:   215        SH: 10    Dex: 15    Spells: 0 memorised, 4 levels left

rFire  . . .     SeeInvis +     a - +0 long sword
rCold  . . .     Gourm    .     b - +0 scale mail
rNeg   . . .     Faith    .     c - +0 shield
rPois  .         Spirit   .     (helmet unavailable)
rElec  .         Dismiss  .     (no cloak)
rCorr  .         Reflect  .     h - +0 pair of gloves
SustAt .         Harm     .     (no boots)
MR     .....                    (no amulet)
Stlth  +.........               (no ring)
                                l - ring of flight

@: mighty, agile, not resistant to hostile enchantments, very unstealthy
A: permanent stasis, dig shafts and tunnels, four strong arms, antennae 3
a: Dig, Shaft Self, Evoke Flight


You were on level 4 of the Dungeon.
You were hungry.

You visited 1 branch of the dungeon, and saw 4 of its levels.

You collected 215 gold pieces.

Inventory:

Hand Weapons
 a - a +0 long sword (weapon)
Armour
 b - a +0 scale mail (worn)
 c - a +0 shield (worn)
 h - a +0 pair of gloves (worn)
Jewellery
 l - a ring of flight (left hand)
Wands
 n - a wand of iceblast (8/15)
 q - a wand of acid (13/15)
Scrolls
 r - 2 scrolls of remove curse
 s - 3 scrolls of identify
 x - a scroll of random uselessness {unknown}
Potions
 e - a potion of haste
 g - a potion of agility
 j - 2 potions of invisibility {unknown}
 k - 4 potions of curing {unknown}
 m - a potion of heal wounds {unknown}
 o - 2 potions of lignification {unknown}
 p - a potion of ambrosia {unknown}
 t - 3 potions of flight {unknown}
 u - a potion of degeneration {unknown}
 w - a potion of mutation {unknown}
Books
 i - a Necronomicon

   Spells                             Type                      Level
   a - Haunt                          Necromancy/Summoning         7
   b - Borgnjor's Revivification      Necromancy                   8
   c - Death's Door                   Charms/Necromancy            8
   d - Necromutation                  Transmutation/Necromancy     8
Comestibles
 f - 5 bread rations
 v - a meat ration


   Skills:
 - Level 3.2 Fighting
 + Level 5.4 Long Blades
 - Level 3.2 Armour
 - Level 3.6 Shields


You had 4 spell levels left.
You didn't know any spells.

Dungeon Overview and Level Annotations

Branches:
Dungeon (4/15)
 Temple: D:4-7

Altars:
Fedhas

Annotations:
D:4 Pikel


Innate Abilities, Weirdness & Mutations

You are under a permanent stasis effect.
You can dig through walls and to a lower floor.
Your four strong arms can wield two-handed weapons with a shield.
You have a pair of large antennae on your head (SInv).


Message History

The slave barely misses you.
Drink which item? (? for menu, Esc to quit)
You feel very mighty all of a sudden.
Your shield prevents you from hitting Pikel.
Pikel hits you but does no damage.
Your shield and scale mail prevent you from hitting Pikel.
Pikel hits you with a whip of electrocution.
You slash Pikel!
Pikel is moderately wounded.
You hear a shout!
Pikel hits you with a whip of electrocution.
Pikel hits you with a whip of electrocution!
* * * LOW HITPOINT WARNING * * *
Drink which item? (? for menu, Esc to quit)
It was a potion of agility.
You feel agile all of a sudden.
Pikel hits you with a whip of electrocution.
* * * LOW HITPOINT WARNING * * *
You are electrocuted!
You die...

..#### #..#.
#..########### ...'
.#...........p#
...####...########.#
......... #.#
........ #?# ...##.#
#{# ).### #####p#
.#.# #..@Kp# ..##
#.# #.##### .## #.#
#.# †# #.# #.# .#
#.# #.# [###### #.#
#.# .)....# #.# #.#
..###.# #.# #.#
##.##.###.####.#


You could see Pikel and 2 slaves.

Vanquished Creatures
  A slave (D:4)
  4 gnolls (D:3)
  2 adders (D:3)
  2 oozes
  An adder skeleton (D:4)
  A dart slug (D:2)
  2 worms
  2 giant geckos
  An orc (D:4)
  4 giant cockroaches
  7 goblins
  8 hobgoblins
  2 jackals (D:1)
  2 quokkas (D:2)
  9 bats
  2 giant newts
  11 kobolds
  20 rats
81 creatures vanquished.

Notes
Turn   | Place    | Note
--------------------------------------------------------------
     0 | D:1      | Geppetto the Formicid Fighter began the quest for the Orb.
     0 | D:1      | Reached XP level 1. HP: 18/18 MP: 1/1
    76 | D:1      | Reached XP level 2. HP: 22/24 MP: 2/2
   191 | D:1      | Reached skill level 3 in Long Blades
   247 | D:1      | Reached XP level 3. HP: 14/29 MP: 3/3
  1262 | D:2      | Reached skill level 4 in Long Blades
  1262 | D:2      | Reached XP level 4. HP: 35/35 MP: 4/4
  1348 | D:2      | Found a blossoming altar of Fedhas.
  1985 | D:3      | Reached XP level 5. HP: 22/41 MP: 5/5
  2379 | D:3      | Reached skill level 5 in Long Blades
  3117 | D:4      | Noticed a slave
  3150 | D:4      | Killed a slave
  3199 | D:4      | Noticed a slave
  3203 | D:4      | Noticed a slave
  3205 | D:4      | Noticed Pikel
  3227 | D:4      | HP: 2/41 [Pikel/whip of electrocution (5)]
  3227 | D:4      | Mangled by Pikel

Skill      XL: |  1  2  3  4  5 |
---------------+----------------+-----
Long Blades    | 3 4 5 |  5.4
Fighting       | |  3.2
Armour         | |  3.2
Shields        | |  3.6

Action                   |  1- 3 |  4- 6 || total
-------------------------+-------+-------++-------
Melee: Long sword        |   120 |   162 ||   282
  Use: Scroll            |     1 |     7 ||     8
       Potion            |       |     2 ||     2
  Eat: Chunk             |     1 |     6 ||     7
Armor: Scale mail        |    79 |    63 ||   142
Dodge: Dodged            |    39 |    52 ||    91
Block: Shield            |    63 |    88 ||   151
